BSA
NASSAU ROCKETS @ MAUI TROPICS
04/29/2028
 
TOP OF THE 1ST
Nassau Rockets batting - Pitching for Maui Tropics : RHP Júlio González
Pitching: RHP Júlio González
Batting: SHB Howard Parker 0-0: Called Strike
0-1: SINGLE (Groundball, 56D)
Batting: LHB Andrew Alvarado 0-0: Ball
Howard Parker steals 2nd base
1-0: Called Strike
1-1: Ball
2-1: Ball
3-1: Base on Balls
Batting: LHB Don Ramey 0-0: Foul Ball, location: 2F
0-1: Foul Ball, location: 2F
0-2: Ball
1-2: Fly out, F8 (Flyball, 78M)
Batting: LHB Wilson Allen 0-0: Foul Ball, location: 2F
0-1: Called Strike
0-2: Ball
1-2: Ball
2-2: Foul Ball, location: 2F
2-2: Grounds into double play, 4-6-3 (Groundball, 4)
Top of the 1st over - 0 run(s), 1 hit(s), 0 error(s), 1 left on base; Nassau 0 - Maui 0
BOTTOM OF THE 1ST
Maui Tropics batting - Pitching for Nassau Rockets : RHP Tomás Molina
Pitching: RHP Tomás Molina
Batting: LHB Mike Pearson 0-0: Ground out 6-3 (Groundball, 6)
Batting: LHB Luis Antonio Torres 0-0: Foul Ball, location: 2F
0-1: Called Strike
0-2: Strikes out swinging
Batting: RHB Jesús Espinoza 0-0: Ball
1-0: Ground out 1-3 (Groundball, P)
Bottom of the 1st over - 0 run(s), 0 hit(s), 0 error(s), 0 left on base; Nassau 0 - Maui 0
TOP OF THE 2ND
Nassau Rockets batting - Pitching for Maui Tropics : RHP Júlio González
Batting: RHB Kenji Kudo 0-0: Ball
1-0: Called Strike
1-1: Ball
2-1: Ball
3-1: Called Strike
3-2: Ground out 6-3 (Groundball, 6)
Batting: LHB Doug Thompson 0-0: Swinging Strike
0-1: Ball
1-1: Ball
2-1: Foul Ball, location: 2F
2-2: Ground out 4-3 (Groundball, 34D)
Batting: RHB Salvador Borbón 0-0: Ball
1-0: Foul Ball, location: 2F
1-1: Ball
2-1: Ball
3-1: SINGLE (Line Drive, 5D)
Batting: LHB Bob Martin 0-0: Foul Ball, location: 2F
0-1: Called Strike
0-2: Ball
1-2: Ball
2-2: Ball
3-2: TRIPLE (Flyball, 8LXD)
Salvador Borbón scores
Batting: RHB Rubén Matos 0-0: Called Strike
0-1: Foul Ball, location: 2F
0-2: Ball
1-2: Ball
2-2: Strikes out swinging
Top of the 2nd over - 1 run(s), 2 hit(s), 0 error(s), 1 left on base; Nassau 1 - Maui 0
BOTTOM OF THE 2ND
Maui Tropics batting - Pitching for Nassau Rockets : RHP Tomás Molina
Batting: RHB Luis Alou 0-0: Ball
1-0: SOLO HOME RUN (Flyball, 8LXD), Distance : 398 ft
Batting: LHB José Rivas 0-0: Ball
1-0: Ball
2-0: Ball
3-0: Called Strike
3-1: Base on Balls
Batting: RHB José Herrera 0-0: Ball
1-0: Ball
2-0: DOUBLE (Flyball, 9D)
José Rivas to third
Batting: RHB Michael Woodruff 0-0: Swinging Strike
0-1: Ball
1-1: Ball
2-1: Ball
3-1: 3-RUN HOME RUN (Flyball, 89XD), Distance : 386 ft
Batting: RHB Matt Silver 0-0: Called Strike
0-1: Called Strike
0-2: Strikes out swinging
Batting: RHB José Rodríguez 0-0: Ball
1-0: Ball
2-0: Ball
3-0: Called Strike
3-1: Foul Ball, location: 2F
3-2: Base on Balls
Batting: LHB Mike Pearson 0-0: Ball
1-0: Ball
2-0: Ball
Wild Pitch!
José Rodríguez to second
3-0: Called Strike
3-1: Base on Balls
Batting: LHB Luis Antonio Torres 0-0: Called Strike
0-1: Fly out, F8 (Flyball, 8RM)
Batting: RHB Jesús Espinoza 0-0: Ball
1-0: Called Strike
1-1: Swinging Strike
1-2: Fielders Choice at 2nd, 5-4 (Groundball, 5)
Bottom of the 2nd over - 4 run(s), 3 hit(s), 0 error(s), 1 left on base; Nassau 1 - Maui 4
TOP OF THE 3RD
Nassau Rockets batting - Pitching for Maui Tropics : RHP Júlio González
Batting: SHB Howard Parker 0-0: Called Strike
0-1: SINGLE (Line Drive, 8LS)
Batting: LHB Andrew Alvarado 0-0: Called Strike
0-1: Ball
1-1: Called Strike
1-2: Grounds into double play, 6-4-3 (Groundball, 6)
Batting: LHB Don Ramey 0-0: Ball
1-0: Ball
2-0: Foul Ball, location: 2F
2-1: Reached on error, E3 (Groundball, 34)
Batting: LHB Wilson Allen 0-0: Ground out 4-3 (Groundball, 34)
Top of the 3rd over - 0 run(s), 1 hit(s), 1 error(s), 1 left on base; Nassau 1 - Maui 4
BOTTOM OF THE 3RD
Maui Tropics batting - Pitching for Nassau Rockets : RHP Tomás Molina
Batting: RHB Luis Alou 0-0: Ball
1-0: Ball
2-0: Ball
3-0: Base on Balls
Batting: LHB José Rivas 0-0: Foul Ball, location: 2F
0-1: Foul Ball, location: 2F
0-2: Ball
1-2: Ball
2-2: Strikes out swinging
Batting: RHB José Herrera 0-0: Ball
1-0: Swinging Strike
1-1: Foul Ball, location: 2F
1-2: Strikes out swinging
Batting: RHB Michael Woodruff 0-0: Called Strike
0-1: Called Strike
0-2: Strikes out swinging
Bottom of the 3rd over - 0 run(s), 0 hit(s), 0 error(s), 1 left on base; Nassau 1 - Maui 4
TOP OF THE 4TH
Nassau Rockets batting - Pitching for Maui Tropics : RHP Júlio González
Batting: RHB Kenji Kudo 0-0: Foul Ball, location: 2F
0-1: DOUBLE (Line Drive, 9LD)
Batting: LHB Doug Thompson 0-0: Ball
1-0: Called Strike
1-1: Ground out 6-3 (Groundball, 56)
Batting: RHB Salvador Borbón 0-0: Fly out, F7 (Flyball, 7)
Batting: LHB Bob Martin 0-0: Called Strike
0-1: Ball
1-1: Ball
2-1: Called Strike
2-2: DOUBLE (Flyball, 8LXD)
Kenji Kudo scores
Batting: RHB Rubén Matos 0-0: Ball
Wild Pitch!
Bob Martin to third
1-0: Called Strike
1-1: Swinging Strike
1-2: Foul Ball, location: 2F
1-2: Ball
2-2: Ground out 5-3 (Groundball, 56S)
Top of the 4th over - 1 run(s), 2 hit(s), 0 error(s), 1 left on base; Nassau 2 - Maui 4
BOTTOM OF THE 4TH
Maui Tropics batting - Pitching for Nassau Rockets : RHP Tomás Molina
Batting: RHB Matt Silver 0-0: Ball
1-0: Foul Ball, location: 2F
1-1: Foul Ball, location: 2F
1-2: SINGLE (Groundball, 5D)
Batting: RHB José Rodríguez 0-0: Foul Ball, location: 2F
0-1: Ball
1-1: Ball
2-1: SINGLE (Flyball, 89S)
Matt Silver to second
Runner from 2nd tries for 3rd, SAFE, no throw
Batting: LHB Mike Pearson 0-0: Ball
1-0: Ball
2-0: Fly out, F8 (Flyball, 8LXD)
Runner from 3rd tags up, SCORES, no throw
Batting: LHB Luis Antonio Torres 0-0: Called Strike
0-1: Called Strike
0-2: Ball
1-2: Fly out, F8 (Flyball, 8RM)
Batting: RHB Jesús Espinoza 0-0: Ball
1-0: Ball
2-0: SINGLE (Line Drive, 4D)
José Rodríguez to second
Batting: RHB Luis Alou 0-0: Foul Ball, location: 2F
0-1: Called Strike
0-2: Ball
1-2: Strikes out swinging
Bottom of the 4th over - 1 run(s), 3 hit(s), 0 error(s), 2 left on base; Nassau 2 - Maui 5
TOP OF THE 5TH
Nassau Rockets batting - Pitching for Maui Tropics : RHP Júlio González
Batting: SHB Howard Parker 0-0: Ball
1-0: Foul Ball, location: 2F
1-1: Swinging Strike
1-2: Ground out U3 (Groundball, 3)
Batting: LHB Andrew Alvarado 0-0: Ball
1-0: Ball
2-0: Ball
3-0: Base on Balls
Batting: LHB Don Ramey 0-0: Ball
1-0: Ball
2-0: Called Strike
2-1: Ball
3-1: Base on Balls
Andrew Alvarado to second
Batting: LHB Wilson Allen 0-0: Called Strike
0-1: Called Strike
0-2: Strikes out swinging
Batting: RHB Kenji Kudo 0-0: Ball
1-0: Called Strike
1-1: Called Strike
1-2: SINGLE (Line Drive, 8LS)
Andrew Alvarado to third
Don Ramey to second
Runner from 3rd tries for Home, SAFE, throw made at trailing runner, SAFE at third!
Batting: LHB Doug Thompson 0-0: Foul Ball, location: 2F
0-1: Foul Ball, location: 2F
0-2: Foul Ball, location: 2F
0-2: Ball
1-2: Foul Ball, location: 2F
1-2: SINGLE (Flyball, 8LM)
Don Ramey scores
Kenji Kudo to second
Batting: RHB Salvador Borbón 0-0: Fielders Choice at 2nd, 4-6 (Groundball, 4)
Top of the 5th over - 2 run(s), 2 hit(s), 0 error(s), 1 left on base; Nassau 4 - Maui 5
BOTTOM OF THE 5TH
Maui Tropics batting - Pitching for Nassau Rockets : RHP Tomás Molina
Batting: LHB José Rivas 0-0: Foul Ball, location: 2F
0-1: Ball
1-1: Ball
2-1: Foul Ball, location: 2F
2-2: Foul Ball, location: 2F
2-2: Ball
3-2: Base on Balls
Batting: RHB José Herrera 0-0: Ball
1-0: SINGLE (Flyball, 9LM)
José Rivas to second
Runner from 2nd tries for 3rd, SAFE, throw made to third
Batting: RHB Michael Woodruff 0-0: Called Strike
0-1: Ball
1-1: Grounds into double play, 5-4-3 (Groundball, 56)
José Rivas scores
Pitching: LHP Luis Valentín
Batting: RHB Matt Silver 0-0: Ball
1-0: Ball
2-0: Ball
3-0: Base on Balls
Batting: RHB José Rodríguez 0-0: Ball
1-0: Called Strike
1-1: Ball
2-1: Ball
3-1: Base on Balls
Matt Silver to second
Batting: LHB Mike Pearson 0-0: Ball
1-0: Foul Ball, location: 2F
1-1: Foul Ball, location: 2F
1-2: Ball
2-2: Ball
3-2: Ground out 4-3 (Groundball, 4)
Bottom of the 5th over - 1 run(s), 1 hit(s), 0 error(s), 2 left on base; Nassau 4 - Maui 6
TOP OF THE 6TH
Nassau Rockets batting - Pitching for Maui Tropics : RHP Júlio González
Pitching: RHP Luis De Los Ángeles
Batting: LHB Bob Martin 0-0: Foul Ball, location: 2F
0-1: Fly out, F7 (Flyball, 7LS)
Batting: RHB Rubén Matos 0-0: Called Strike
0-1: Called Strike
0-2: Foul Ball, location: 2F
0-2: Foul Ball, location: 2F
0-2: Ball
1-2: Ball
2-2: Reached on error, E3 (Groundball, 34)
Batting: SHB Howard Parker 0-0: Ball
1-0: Foul Ball, location: 2F
1-1: Foul Ball, location: 2F
1-2: Ball
2-2: Ground out 5-3 (Groundball, 56S)
Rubén Matos to second
Batting: LHB Andrew Alvarado 0-0: Ground out 6-3 (Groundball, 6)
Top of the 6th over - 0 run(s), 0 hit(s), 1 error(s), 1 left on base; Nassau 4 - Maui 6
BOTTOM OF THE 6TH
Maui Tropics batting - Pitching for Nassau Rockets : LHP Luis Valentín
Batting: LHB Luis Antonio Torres 0-0: Ball
1-0: SINGLE (Line Drive, 6D)
Batting: RHB Jesús Espinoza 0-0: Ball
1-0: SINGLE (Groundball, 56D)
Luis Antonio Torres to second
Batting: RHB Luis Alou 0-0: Ball
1-0: Called Strike
1-1: Fly out, F8 (Flyball, 8RM)
Batting: LHB José Rivas 0-0: Fly out, F4 (Popup, 4D)
Batting: RHB José Herrera 0-0: Ball
1-0: Called Strike
1-1: Ball
2-1: Swinging Strike
2-2: Foul Ball, location: 2F
2-2: Foul Ball, location: 2F
2-2: Ball
3-2: 3-RUN HOME RUN (Flyball, 7D), Distance : 347 ft
Pitching: RHP Bill Sampson
Batting: RHB Michael Woodruff 0-0: Called Strike
0-1: Foul Ball, location: 2F
0-2: Fly out, F9 (Flyball, 9)
Bottom of the 6th over - 3 run(s), 3 hit(s), 0 error(s), 0 left on base; Nassau 4 - Maui 9
TOP OF THE 7TH
Nassau Rockets batting - Pitching for Maui Tropics : RHP Luis De Los Ángeles
Batting: LHB Don Ramey 0-0: Ball
1-0: SINGLE (Line Drive, 8LS)
Batting: LHB Wilson Allen 0-0: Called Strike
0-1: Ball
1-1: Ball
2-1: SINGLE (Line Drive, 4D)
Don Ramey to second
Runner from 2nd tries for 3rd, SAFE, throw made to third
Batting: RHB Kenji Kudo 0-0: Ball
1-0: Fielders Choice at 2nd, 4-6 (Groundball, 4M)
Don Ramey scores
Batting: LHB Doug Thompson 0-0: Ball
1-0: Called Strike
1-1: Ball
2-1: Ball
3-1: SINGLE (Line Drive, 7LM)
Kenji Kudo to second
Batting: RHB Salvador Borbón 0-0: Ball
1-0: Ball
2-0: Foul Ball, location: 2F
2-1: Foul Ball, location: 2F
2-2: Fly out, F7 (Flyball, 78S)
Batting: LHB Bob Martin 0-0: Ball
1-0: Called Strike
1-1: SINGLE (Line Drive, 4MD)
Kenji Kudo to third
Doug Thompson to second
Batting: RHB Rubén Matos 0-0: Ball
1-0: Swinging Strike
1-1: Called Strike
1-2: Fly out, F3 (Line Drive, 34)
Top of the 7th over - 1 run(s), 4 hit(s), 0 error(s), 3 left on base; Nassau 5 - Maui 9
BOTTOM OF THE 7TH
Maui Tropics batting - Pitching for Nassau Rockets : RHP Bill Sampson
Batting: RHB Matt Silver 0-0: Ball
1-0: Ground out 1-3 (Groundball, P)
Batting: RHB José Rodríguez 0-0: Ball
1-0: SINGLE (Groundball, 5D)
Batting: LHB Mike Pearson 0-0: Called Strike
0-1: Ball
1-1: Foul Ball, location: 2F
1-2: Strikes out swinging
Batting: LHB Luis Antonio Torres 0-0: Called Strike
0-1: Ball
1-1: SINGLE (Groundball, 6MD)
José Rodríguez to second
Batting: RHB Jesús Espinoza 0-0: SINGLE (Line Drive, 9S)
José Rodríguez to third
Luis Antonio Torres to second
Runner from 3rd tries for Home, SAFE, no throw
Batting: RHB Luis Alou 0-0: Called Strike
0-1: Ball
1-1: Ball
2-1: Foul Ball, location: 2F
2-2: Ball
3-2: SINGLE (Line Drive, 78S)
Luis Antonio Torres to third
Jesús Espinoza to second
Luis Antonio Torres scores
Jesús Espinoza to third
Batting: LHB José Rivas 0-0: Called Strike
0-1: Ball
1-1: Called Strike
1-2: Ball
2-2: Ball
3-2: Foul Ball, location: 2F
3-2: Strikes out looking
Bottom of the 7th over - 2 run(s), 4 hit(s), 0 error(s), 2 left on base; Nassau 5 - Maui 11
TOP OF THE 8TH
Nassau Rockets batting - Pitching for Maui Tropics : RHP Luis De Los Ángeles
Batting: SHB Howard Parker 0-0: Called Strike
0-1: Ball
1-1: Ball
2-1: Ball
3-1: Base on Balls
Batting: LHB Andrew Alvarado 0-0: Swinging Strike
0-1: Foul Ball, location: 2F
0-2: Foul Ball, location: 2F
0-2: Ball
1-2: Ball
2-2: Ball
3-2: Foul Ball, location: 2F
3-2: Foul Ball, location: 2F
3-2: Foul Ball, location: 2F
3-2: Fly out, F6 (Line Drive, 6)
Batting: LHB Don Ramey 0-0: Ball
1-0: Ball
2-0: Ball
3-0: Called Strike
3-1: Base on Balls
Howard Parker to second
Batting: LHB Wilson Allen 0-0: Ball
1-0: Ball
2-0: SINGLE (Line Drive, 9S)
Howard Parker to third
Don Ramey to second
Batting: RHB Kenji Kudo 0-0: Foul Ball, location: 2F
0-1: Foul Ball, location: 2F
0-2: Ball
1-2: Strikes out swinging
Batting: LHB Doug Thompson 0-0: Called Strike
0-1: Ground out 5-3 (Groundball, 56S)
Top of the 8th over - 0 run(s), 1 hit(s), 0 error(s), 3 left on base; Nassau 5 - Maui 11
BOTTOM OF THE 8TH
Maui Tropics batting - Pitching for Nassau Rockets : RHP Bill Sampson
Batting: RHB José Herrera 0-0: Called Strike
0-1: Ball
1-1: Ball
2-1: SINGLE (Groundball, 6MD)
Batting: RHB Michael Woodruff 0-0: Called Strike
José Herrera steals 2nd base
0-1: Ball
1-1: Foul Ball, location: 2F
1-2: Foul Ball, location: 2F
1-2: Strikes out swinging
Batting: RHB Matt Silver 0-0: Called Strike
0-1: Ball
1-1: Foul Ball, location: 2F
1-2: Strikes out swinging
Batting: RHB José Rodríguez 0-0: Ball
1-0: Fly out, F8 (Flyball, 8LD)
Bottom of the 8th over - 0 run(s), 1 hit(s), 0 error(s), 1 left on base; Nassau 5 - Maui 11
TOP OF THE 9TH
Nassau Rockets batting - Pitching for Maui Tropics : RHP Luis De Los Ángeles
Batting: RHB Salvador Borbón 0-0: Swinging Strike
0-1: Ball
1-1: Foul Ball, location: 2F
1-2: Ball
2-2: Ball
3-2: Fly out, F7 (Flyball, 7)
Pitching: RHP Juan González
Batting: LHB Bob Martin 0-0: SINGLE (Line Drive, 4MD)
Batting: RHB Rubén Matos 0-0: Ball
1-0: Called Strike
1-1: Ground out 3-1 (Groundball, 34S)
Bob Martin to second
Batting: SHB Howard Parker 0-0: Ball
1-0: Called Strike
1-1: Foul Ball, location: 2F
1-2: Ball
2-2: DOUBLE (Line Drive, 7LM)
Bob Martin scores
Batting: LHB Andrew Alvarado 0-0: Called Strike
0-1: Ball
1-1: Fly out, F8 (Flyball, 78D)
Top of the 9th over - 1 run(s), 2 hit(s), 0 error(s), 1 left on base; Nassau 6 - Maui 11
Tuesday, August 8th, 2017 - OOTP Baseball 17.12 Build 75